 Dungeon Crawl Stone Soup version 0.22.1-2-g9c5b331 (webtiles) character file.

1917 whitewolfNL the Basher (level 8, -7/68 HPs)
             Began as a Minotaur Berserker on Nov 28, 2018.
             Was an Elder of Trog.
             Mangled by a two-headed ogre
             ... wielding a +0 giant club
              (13 damage)
             ... on level 9 of the Dungeon.
             The game lasted 00:32:28 (8024 turns).

whitewolfNL the Basher (Minotaur Berserker)         Turns: 8024, Time: 00:32:29

Health: -7/68      AC: 16    Str: 23      XL:     8   Next: 95%
Magic:  9/9        EV:  8    Int:  5      God:    Trog [****..]
Gold:   12         SH:  0    Dex:  7 (10) Spells: 7/7 levels left

rFire    . . .     SeeInvis .   x - +0 flail
rCold    . . .     Gourm    .   (no shield)
rNeg     . . .     Faith    .   C - +0 plate armour
rPois    .         Spirit   .   (helmet restricted)
rElec    .         Reflect  .   E - +0 cloak
rCorr    .         Harm     .   r - +0 pair of gloves
MR       +....                  F - +0 pair of boots
Stlth    ..........             (no amulet)
HPRegen  0.21/turn              B - ring of flight
MPRegen  0.11/turn              w - ring of protection from magic

@: berserk cooldown, very slightly contaminated, slowed, very slow
A: retaliatory headbutt, horns 2
a: Berserk, Trog's Hand, Brothers in Arms, Renounce Religion, Evoke Flight


You were on level 9 of the Dungeon.
You worshipped Trog.
Trog was greatly pleased with you.
You were not hungry.

You visited 1 branch of the dungeon, and saw 9 of its levels.

You collected 417 gold pieces.
You spent 405 gold pieces at shops.

Inventory:

Hand Weapons
 f - a +3 whip
 l - a +0 shortbow
 x - a +0 flail (weapon)
 z - a +0 shortbow
Missiles
 b - 60 sling bullets
 d - 10 bolts
 p - 99 arrows
Armour
 r - a +0 pair of gloves (worn)
 C - a +0 plate armour (worn)
 E - a +0 cloak (worn)
 F - a +0 pair of boots (worn)
Jewellery
 w - a ring of protection from magic (right hand)
 B - a ring of flight (left hand)
Wands
 m - a wand of enslavement (10)
 t - a wand of flame (56)
Scrolls
 a - 2 scrolls of enchant weapon
 i - a scroll of blinking
 n - 2 scrolls of fear
 u - 5 scrolls of remove curse
 v - a scroll of enchant armour
 y - a scroll of magic mapping
 A - a scroll of fog {unknown}
Potions
 g - 2 potions of heal wounds
 h - a potion of agility {unknown}
 j - a potion of ambrosia {unknown}
 k - a potion of flight {unknown}
 o - a potion of brilliance {unknown}
 q - 3 potions of curing
 s - a potion of resistance {unknown}
 G - 3 potions of degeneration {unknown}
 H - a potion of invisibility {unknown}
Comestibles
 c - 15 rations


   Skills:
 + Level 5.3 Fighting
 * Level 9.4 Maces & Flails
 * Level 6.2 Armour
 * Level 5.0 Dodging
 * Level 3.3 Stealth
 * Level 3.1 Evocations


You had 7 spell levels left.
You didn't know any spells.
Your spell library was empty.

Dungeon Overview and Level Annotations

Branches:
Dungeon (9/15)             Temple (0/1) D:4            Lair (0/6) D:8
    Orc: D:9-12

Altars:
Dithmenos
Fedhas
Kikubaaqudgha
Ru
Sif Muna
Trog
Vehumet
Wu Jian
Zin
The Shining One

Shops:
D:8 *=}?


Innate Abilities, Weirdness & Mutations

You reflexively headbutt those who attack you in melee.
You have a pair of horns on your head.


Message History

* * * LOW HITPOINT WARNING * * *
Blink to where?
Press: ? - help, Dir - move target cursor You are very lightly contaminated with residual magic.
As you read the scroll of blinking, it crumbles to dust.
The gnoll hits you from afar with a halberd!
* * * LOW HITPOINT WARNING * * *
You climb downwards. 3 orcs come into view.
The orc shouts! x2
Found 6 needles of sleeping.
There is a stone staircase leading up here.
As you read the scroll of teleportation, it crumbles to dust.
You feel strangely unstable.
Your surroundings suddenly seem different.
A two-headed ogre comes into view. It is wielding two giant clubs.
The two-headed ogre closely misses you. You furiously retaliate!
You headbutt the two-headed ogre, but do no damage.
The two-headed ogre hits you with a giant club!
You die...

###############
#....@O.......#
#.##########.(#####
....... ######....
#.......# #..# #<.#
#..# #..#


You could see a two-headed ogre.

Vanquished Creatures
  A spriggan (D:7)
  2 phantoms
  3 ogres
  3 centaurs
  A bullfrog (D:6)
  4 scorpions
  A howler monkey (D:6)
  2 crimson imps (D:7)
  A quasit (D:8)
  2 jellies
  An orc priest (D:6)
  2 iguanas (D:7)
  3 orc wizards
  4 worker ants
  2 hound zombies
  A hound skeleton (D:8)
  9 gnolls
  13 adders
  3 shadow imps
  A worm (D:2)
  4 dart slugs
  3 leopard geckos
  12 orcs
  6 bats
  7 giant cockroaches
  8 goblins
  7 hobgoblins
  9 jackals
  2 quokkas
  2 ball pythons
  2 frilled lizards
  9 kobolds
  A quokka skeleton (D:4)
  11 rats
142 creatures vanquished.

Vanquished Creatures (others)
  A wizard (D:7)
  An orc wizard (D:8)
2 creatures vanquished.

Grand Total: 144 creatures vanquished

Notes
Turn   | Place    | Note
-------+----------+-------------------------------------------
     0 | D:1      | whitewolfNL the Minotaur Berserker began the quest for the
                  | Orb.
     0 | D:1      | Reached XP level 1. HP: 19/19 MP: 0/0
   240 | D:1      | Reached skill level 4 in Maces & Flails
   240 | D:1      | Reached XP level 2. HP: 27/27 MP: 1/1
   550 | D:1      | Reached ** piety under Trog
   551 | D:1      | Reached XP level 3. HP: 33/33 MP: 2/2
   939 | D:2      | Found a blossoming altar of Fedhas.
   978 | D:2      | Found a faded altar of an unknown god.
  1101 | D:2      | Reached XP level 4. HP: 38/40 MP: 3/3
  1111 | D:2      | Reached skill level 1 in Stealth
  1202 | D:2      | Reached skill level 5 in Maces & Flails
  1735 | D:3      | Found a glowing golden altar of the Shining One.
  1754 | D:3      | Reached *** piety under Trog
  1785 | D:3      | Reached XP level 5. HP: 46/46 MP: 4/4
  2186 | D:3      | Reached skill level 1 in Evocations
  2711 | D:4      | Noticed a phantom
  2733 | D:4      | Killed a phantom
  2733 | D:4      | Reached skill level 6 in Maces & Flails
  2733 | D:4      | Reached XP level 6. HP: 22/52 MP: 5/5
  3048 | D:4      | Found a staircase to the Ecumenical Temple.
  3754 | D:5      | Entered Level 5 of the Dungeon
  3950 | D:5      | Reached XP level 7. HP: 13/60 MP: 7/7
  3953 | D:5      | HP: 2/60 [gnoll/spear (6)]
  4260 | D:5      | Found a radiant altar of Vehumet.
  4319 | D:5      | Found a sacrificial altar of Ru.
  4333 | D:5      | Reached skill level 7 in Maces & Flails
  4512 | D:5      | Found a glowing silver altar of Zin.
  4512 | D:5      | Found an ancient bone altar of Kikubaaqudgha.
  5909 | D:6      | Reached **** piety under Trog
  5944 | D:6      | Reached skill level 8 in Maces & Flails
  5944 | D:6      | Reached XP level 8. HP: 61/67 MP: 8/8
  6176 | D:7      | Reached skill level 5 in Fighting
  6305 | D:7      | Reached skill level 5 in Armour
  6473 | D:7      | Found a bloodstained altar of Trog.
  6672 | D:7      | Found an ornate altar of the Wu Jian Council.
  7009 | D:7      | Found a shadowy altar of Dithmenos.
  7092 | D:7      | Noticed a wizard
  7096 | D:7      | Killed a wizard
  7303 | D:8      | Found a staircase to the Lair.
  7362 | D:8      | Found Nedubufo's Magic Scroll Shop.
  7364 | D:8      | Reached skill level 9 in Maces & Flails
  7441 | D:8      | Reached skill level 5 in Dodging
  7455 | D:8      | Found a deep blue altar of Sif Muna.
  7542 | D:8      | Found Hirylotu's General Store.
  7665 | D:8      | Found Daijit's Weapon Shop.
  7854 | D:8      | Found Xueckut's Jewellery Shoppe.
  7867 | D:8      | Bought an uncursed ring of protection from magic for 300
                  | gold pieces
  7868 | D:8      | Found Lapruj's Gadget Shop.
  7974 | D:8      | Bought a scroll of immolation for 49 gold pieces
  7974 | D:8      | Bought a scroll of random uselessness for 14 gold pieces
  7974 | D:8      | Bought a scroll of remove curse for 42 gold pieces
  8024 | D:9      | Noticed a two-headed ogre
  8024 | D:9      | Mangled by a two-headed ogre

Skill      XL: |  1  2  3  4  5  6  7  8 |
---------------+-------------------------+-----
Maces & Flails | 4 5 6 8 9 |  9.4
Fighting       | 4 5 |  5.3
Stealth        | 1 2 3 |  3.3
Armour         | 3 4 6 |  6.2
Dodging        | 3 4 5 |  5.0
Evocations     | 1 2 3 |  3.1

Action                   |  1- 3 |  4- 6 |  7- 9 || total
-------------------------+-------+-------+-------++-------
Melee: Mace              |    58 |       |       ||    58
       Headbutt          |     8 |    21 |    40 ||    69
       Whip              |    25 |    72 |       ||    97
       Flail             |       |    59 |   191 ||   250
Invok: Berserk           |       |     6 |    10 ||    16
Evoke: Wand              |       |       |     3 ||     3
  Use: Scroll            |       |     8 |     9 ||    17
       Potion            |       |       |     3 ||     3
  Eat: Chunk             |     1 |    13 |    10 ||    24
       Ration            |       |       |     4 ||     4
Armor: Animal skin       |     2 |       |       ||     2
       Leather armour    |    29 |    25 |     4 ||    58
       Ring mail         |       |       |    44 ||    44
       Plate armour      |       |       |    73 ||    73
Dodge: Dodged            |    61 |    77 |   158 ||   296
